 Dungeon Crawl Stone Soup version 0.21.1-1-g345015f (webtiles) character file.

1410 Harpaggios the Covered (level 8, -4/64 HPs)
             Began as a Barachi Fighter on July 2, 2018.
             Was a Believer of Ru.
             Slain by bmj180's ghost (10 damage)
             ... on level 6 of the Dungeon.
             The game lasted 00:43:28 (5493 turns).

Harpaggios the Covered (Barachi Fighter)            Turns: 5493, Time: 00:43:29

Health: -4/64      AC:  9    Str: 23 (25) XL:     8   Next: 70%
Magic:  8/8        EV: 11    Int:  8      God:    Ru [**....]
Gold:   200        SH: 11    Dex:  9 (12) Spells: 7/7 levels left

rFire    + . .     SeeInvis .   a - +1 long sword
rCold    + . .     Gourm    .   c - +1 shield
rNeg     . . .     Faith    .   h - +3 ring mail {rF+}
rPois    .         Spirit   .   (helmet restricted)
rElec    .         Reflect  .   (no cloak)
rCorr    +         Harm     .   (no gloves)
MR       +....                  (no boots)
Stlth    ..........             e - amulet of regeneration
HPRegen  0.60/turn              p - ring of protection from cold
MPRegen  0.11/turn              m - ring of resist corrosion

@: mighty, slow
A: +LOS, swims, antennae 1, claws 1, blink, magic resistance 1, slowness 1, no
stealth, no charms magic, no earth magic, no necromancy magic, strong legs 1
a: Hop, Blink, Renounce Religion


You were on level 6 of the Dungeon.
You worshipped Ru.
Ru was pleased with you.
You were not hungry.

You visited 1 branch of the dungeon, and saw 6 of its levels.

You collected 200 gold pieces.

Inventory:

Hand Weapons
 a - a +1 long sword (weapon)
 s - the +2 whip "Demonslayer" {slash, rPois rF+ Int+6}
   (You found it on level 5 of the Dungeon)

   It inflicts extra damage upon your enemies.
   It affects your intelligence (+6).
   It protects you from fire.
   It protects you from poison.
Missiles
 q - 6 tomahawks (quivered)
Armour
 c - a +1 shield (worn)
 h - a +3 ring mail of fire resistance (worn)
Jewellery
 e - an amulet of regeneration (around neck)
 j - an uncursed ring of protection from fire
 m - a ring of resist corrosion (right claw)
 n - an uncursed amulet of guardian spirit
 p - a ring of protection from cold (left claw)
Wands
 r - a wand of digging (11)
Scrolls
 g - a scroll of magic mapping
 i - 2 scrolls of remove curse
 k - a scroll of enchant armour
 l - a scroll of fog
 o - a scroll of identify
Potions
 b - 2 potions of haste
 d - a potion of might
 u - a potion of flight
Books
 v - a book of Minor Magic

   Spells                             Type                      Level
   a - Magic Dart                     Conjuration                  1
   b - Blink                          Translocation                2
   c - Call Imp                       Summoning                    2
   d - Slow                           Hexes                        2
   e - Conjure Flame                  Conjuration/Fire             3
   f - Mephitic Cloud                 Conjuration/Poison/Air       3
Comestibles
 f - 6 rations


   Skills:
 + Level 6.1 Fighting
 * Level 5.5 Long Blades
 - Level 2.0 Maces & Flails
 + Level 7.1 Armour
 + Level 5.2 Dodging
 + Level 5.6 Shields


You had 7 spell levels left.
You didn't know any spells.

Dungeon Overview and Level Annotations

Branches:
Dungeon (6/15)
 Temple: D:4-7

Altars:
Ashenzari
Gozag
Makhleb
Ru
Xom

Shops:
D:6 *

Annotations:
D:6 bmj180's ghost, novice MiFi


Innate Abilities, Weirdness & Mutations

Shadows flee at your approach. (+LOS)
You can swim through water.
You cover ground slowly.
You cannot be stealthy.
You cannot study or cast Charms magic.
You cannot study or cast Earth magic.
You cannot study or cast Necromancy magic.
You can hop short distances.
You have a pair of small antennae on your head.
You have sharp fingernails.
You can translocate small distances at will.
You are resistant to hostile enchantments. (MR+)


Message History

You slash bmj180's ghost!
Bmj180's ghost is almost destroyed.
Bmj180's ghost hits you but does no damage.
Bmj180's ghost hits you.
* * * LOW HITPOINT WARNING * * *
You miss bmj180's ghost.
Bmj180's ghost is almost destroyed.
Bmj180's ghost hits you!
* * * LOW HITPOINT WARNING * * *
Your shield prevents you from hitting bmj180's ghost.
Bmj180's ghost is almost destroyed.
Bmj180's ghost hits you.
* * * LOW HITPOINT WARNING * * *
You miss bmj180's ghost.
Bmj180's ghost is almost destroyed.
You block bmj180's ghost's attack.
You miss bmj180's ghost.
Bmj180's ghost is almost destroyed.
Bmj180's ghost hits you!
You die...

#..........##.#.#...............
#..##..##.......#...###########.
#..##..##..##.#............... .
#....##....##.#.##...#########
#....##....##.#......#
#...#..#........#....#
#...........#........#
##............##..#...#
..<.....##.##...@.....# #.
######..##.##...W..#.## ### #.
#.........#........#... ..# #.#
#........#.#...#...##### #.# #.#
#....................# #.# #W#
#.###................# #.# #.#.
#.# #......#..#......# #.# #.#.
#.# #.......##.......# #.###.##
#.#
#.......##.......#####.......


You could see bmj180's ghost.

Vanquished Creatures
  Menkaure (D:4)
  Duvessa (D:5)
  A sky beast (D:6)
  An ice beast (D:5)
  2 ogres
  2 centaurs
  Blork the orc (D:5)
  A bullfrog (D:6)
  Dowan (D:5)
  4 crimson imps
  A hound (D:3)
  An orc priest (D:4)
  A bullfrog skeleton (D:5)
  An iguana (D:5)
  Natasha (thrice) (D:4)
  2 worker ants
  7 adders
  3 shadow imps
  An ooze (D:2)
  An adder skeleton (D:2)
  A worm (D:4)
  2 leopard geckos
  5 orcs
  3 giant cockroaches
  10 goblins
  7 hobgoblins
  18 jackals
  2 quokkas (D:2)
  A ball python (D:2)
  10 bats
  5 frilled lizards
  A jackal skeleton (D:4)
  12 kobolds
  A quokka skeleton (D:6)
  5 rats
119 creatures vanquished.

Notes
Turn   | Place    | Note
-------+----------+-------------------------------------------
     0 | D:1      | Harpaggios the Barachi Fighter began the quest for the Orb.
     0 | D:1      | Reached XP level 1. HP: 18/18 MP: 1/1
    70 | D:1      | Reached XP level 2. HP: 19/25 MP: 2/2
   300 | D:1      | Reached skill level 1 in Dodging
   350 | D:1      | Reached XP level 3. HP: 26/30 MP: 3/3
   737 | D:1      | Reached skill level 4 in Armour
  1083 | D:2      | Reached XP level 4. HP: 35/37 MP: 4/4
  1540 | D:2      | Found a shattered altar of Ashenzari.
  1744 | D:3      | Found a sacrificial altar of Ru.
  1764 | D:3      | Became a worshipper of Ru the Awakened
  2259 | D:3      | Found a burning altar of Makhleb.
  2267 | D:3      | Reached XP level 5. HP: 38/43 MP: 5/5
  2646 | D:4      | Noticed Menkaure
  2793 | D:4      | Killed Menkaure
  2793 | D:4      | Reached XP level 6. HP: 37/50 MP: 6/6
  2816 | D:4      | Found a shimmering altar of Xom.
  3005 | D:4      | Reached skill level 5 in Fighting
  3119 | D:4      | Noticed Natasha
  3123 | D:4      | Killed Natasha
  3169 | D:4      | Reached skill level 5 in Armour
  3169 | D:4      | Reached XP level 7. HP: 52/56 MP: 7/7
  3211 | D:4      | Gained mutation: You cannot study or cast Earth magic. [Ru sacrifice]
  3211 | D:4      | Gained mutation: You cannot study or cast Necromancy magic. [Ru sacrifice]
  3211 | D:4      | Gained mutation: You cannot study or cast Charms magic. [Ru sacrifice]
  3211 | D:4      | Reached * piety under Ru
  3373 | D:4      | Noticed Natasha
  3378 | D:4      | Killed Natasha
  3451 | D:4      | Noticed Natasha
  3459 | D:4      | Killed Natasha
  3484 | D:5      | Entered Level 5 of the Dungeon
  3531 | D:5      | Noticed Dowan
  3551 | D:5      | Killed Dowan
  3551 | D:5      | Reached skill level 5 in Shields
  3556 | D:5      | Noticed Duvessa
  3557 | D:5      | Got a warped whip
  3579 | D:5      | Killed Duvessa
  3579 | D:5      | Reached skill level 6 in Armour
  3593 | D:5      | Identified the cursed +2 whip "Demonslayer" {slash, rPois rF+ Int+6} (You found it on level 5 of the Dungeon)
  3870 | D:5      | Reached XP level 8. HP: 62/63 MP: 8/8
  3937 | D:5      | Noticed Blork the orc
  3947 | D:5      | Reached skill level 1 in Maces & Flails
  3977 | D:5      | Killed Blork the orc
  4104 | D:5      | Reached skill level 5 in Dodging
  4691 | D:6      | Reached skill level 5 in Long Blades
  4696 | D:6      | Gained mutation: You have sharp fingernails. [potion of mutation]
  4696 | D:6      | Gained mutation: You can translocate small distances at will. [potion of mutation]
  4696 | D:6      | Gained mutation: You are resistant to hostile enchantments. (MR+) [potion of mutation]
  4696 | D:6      | Gained mutation: You have a pair of small antennae on your head. [potion of mutation]
  4719 | D:6      | Reached skill level 7 in Armour
  4870 | D:6      | Noticed bmj180's ghost (novice MiFi)
  5115 | D:6      | Gained mutation: You cannot be stealthy. [Ru sacrifice]
  5115 | D:6      | Reached ** piety under Ru
  5362 | D:6      | Found Gozag's Platinum Reserve.
  5363 | D:6      | Found an opulent altar of Gozag.
  5493 | D:6      | Slain by bmj180's ghost

Skill      XL: |  1  2  3  4  5  6  7  8 |
---------------+-------------------------+-----
Dodging        | 1 2 3 4 5 |  5.2
Fighting       | 4 5 6 |  6.1
Armour         | 4 5 6 7 |  7.1
Long Blades    | 3 4 5 |  5.5
Shields        | 4 5 |  5.6
Maces & Flails | 2 |  2.0

Action                   |  1- 3 |  4- 6 |  7- 9 || total
-------------------------+-------+-------+-------++-------
Melee: Long sword        |   124 |   201 |   256 ||   581
       Whip              |       |       |    39 ||    39
Invok: Sacrifice Arcana  |       |       |     1 ||     1
       Sacrifice Stealth |       |       |     1 ||     1
 Abil: Hop               |       |     1 |     7 ||     8
  Use: Scroll            |     2 |     4 |     5 ||    11
       Potion            |       |     4 |     7 ||    11
  Eat: Chunk             |       |     9 |     7 ||    16
       Ration            |       |       |     1 ||     1
Armor: Scale mail        |    56 |    59 |    20 ||   135
       Ring mail         |       |       |    54 ||    54
Dodge: Dodged            |    44 |    73 |    80 ||   197
Block: Shield            |    76 |   110 |   137 ||   323
       Rpst.: Long sword |    20 |    13 |    19 ||    52
